 Dungeon Crawl Stone Soup version 0.31-a0-200-gbc41564c69 (webtiles) character file.

Game seed: 15346114458549883820

111 qw the Skirmisher (level 4, 0/25 HPs)
             Began as a Deep Elf Hunter on June 25, 2023.
             Succumbed to a scorpion's poison
             ... on level 3 of the Dungeon.
             The game lasted 00:00:38 (1763 turns).

qw the Skirmisher (Deep Elf Hunter)                 Turns: 1763, Time: 00:00:39

Health: 0/25       AC:  5    Str: 10    XL:     4   Next: 62%
Magic:  6/6        EV: 11    Int: 14    God:
Gold:   20         SH:  0    Dex: 18    Spells: 3/3 levels left

rFire   . . .        Y - +0 shortbow
rCold   . . .        (shield currently unavailable)
rNeg    . . .        d - +0 ring mail
rPois   .            (no helmet)
rElec   .            (no cloak)
rCorr   .            (no gloves)
SInv    .            (no boots)
Will    .....        (no amulet)
Stlth   +            (no ring)
HPRegen 0.24/turn    (no ring)
MPRegen 0.10/turn

%: no passive effects
@: lethally poisoned (0 -> -8)
A: no striking features
a: no special abilities


You were on level 3 of the Dungeon.
You visited 1 branch of the dungeon, and saw 3 of its levels.

You collected 147 gold pieces.
You spent 127 gold pieces at shops.


   Skills:
 - Level 1.5 Fighting
 + Level 8.0 Ranged Weapons
 - Level 2.4 Dodging
 - Level 1.2 Stealth


You had 3 spell levels left.
You didn't know any spells.
Your spell library was empty.

Inventory:

Hand Weapons
 Y - a +0 shortbow (weapon)
Armour
 d - a +0 ring mail (worn)
Jewellery
 f - an amulet of reflection
Wands
 e - a wand of digging (4)
Scrolls
 c - a scroll of enchant armour {unknown}
 g - 2 scrolls of blinking {unknown}
 h - 4 scrolls of identify
Potions
 a - a potion of cancellation {unknown}
 b - a potion of ambrosia {unknown}
 i - a potion of enlightenment {unknown}
 j - a potion of curing {unknown}

Dungeon Overview and Level Annotations

Branches:
Dungeon (3/15)

Altars:

Shops:
D:3 *


Message History

The scorpion is heavily wounded.
The scorpion stings you but does no damage. x2
You shoot an arrow.
The arrow hits the scorpion but does no damage.
The scorpion is heavily wounded.
The scorpion barely misses you.
You shoot an arrow.
The arrow hits the scorpion but does no damage.
The scorpion is heavily wounded.
The scorpion closely misses you.
You shoot an arrow.
The arrow hits the scorpion but does no damage.
The scorpion is heavily wounded.
The scorpion stings you.
You shoot an arrow. The arrow hits the scorpion.
The scorpion is severely wounded.
The scorpion stings you. x2
You shoot an arrow.
The arrow hits the scorpion but does no damage.
The scorpion is severely wounded.
The scorpion stings you.
You shoot an arrow. The arrow hits the scorpion.
The scorpion is severely wounded.
The scorpion closely misses you. The scorpion stings you.
You shoot an arrow. The arrow hits the scorpion.
The scorpion is almost dead.
The scorpion closely misses you.
You shoot an arrow.
The arrow hits the scorpion but does no damage.
The scorpion is almost dead.
The scorpion stings you.
You are lethally poisoned!
The scorpion poisons you!
You shoot an arrow. The arrow closely misses the scorpion.
You feel very sick.
The scorpion stings you but does no damage.
The scorpion barely misses you.
You shoot an arrow. The arrow hits the scorpion.
You kill the scorpion!
You die...

#.##.#.#
#.....# #..#
#......
#.##.#.#
#.....###..#
......
...#.#.#
#......##..#
#..#.#.#
#......##..#
#..#.#.#
#......##..#
#..#.#.#
######..#
#..#.#.#
##.#
..<#.#.# #.#
####.#.# #@#
.....#.#
#)).#
####.7.7
##....#
#####7.7
#.#.#
.....7.7 .#
# #####7\7
..


777 .. ... There were no monsters in sight!

Vanquished Creatures
  A scorpion (D:3)
  A jelly (D:3)
  Ijyb (D:3)
  An adder (D:2)
  2 dart slugs
  An orc (D:3)
  5 endoplasms
  2 giant cockroaches (D:1)
  2 goblins (D:1)
  A quokka (D:1)
  5 ball pythons
  7 bats
  2 frilled lizards
  10 kobolds
  4 rats
45 creatures vanquished.

Notes
Turn   | Place    | Note
-------+----------+-------------------------------------------
     0 | D:1      | qw the Deep Elf Hunter began the quest for the Orb.
     0 | D:1      | Reached XP level 1. HP: 12/12 MP: 3/3
     0 | D:1      | 0 ||| qw: Version: 0.3-a-22-g0ed2b0b
     0 | D:1      | 0 ||| qw: Game counter: 5690
     0 | D:1      | 0 ||| qw: Melee chars always use a shield: true
     0 | D:1      | 0 ||| qw: God list: Okawaru
     0 | D:1      | 0 ||| qw: Allow faded altars: false
     0 | D:1      | 0 ||| qw: Do Orc after clearing Dungeon:15 true
     0 | D:1      | 0 ||| qw: Do second Lair branch before Depths: true
     0 | D:1      | 0 ||| qw: Lair rune preference: random
     0 | D:1      | 0 ||| qw: Goals: Normal
     0 | D:1      | 0 ||| PLANNING D:1-11
   179 | D:1      | Reached skill level 6 in Ranged Weapons
   179 | D:1      | Reached XP level 2. HP: 16/16 MP: 4/4
   607 | D:1      | 607 ||| UPGRADING to +0 ring mail.
   617 | D:1      | 617 ||| DROPPING +0 leather armour.
   618 | D:1      | 618 ||| READING scroll labelled WESI ILUHO.
   619 | D:1      | 619 ||| READING 3 scrolls labelled KUATYOG EV ZYO.
   620 | D:1      | 620 ||| DRINKING 2 glowing brown potions.
   621 | D:1      | 621 ||| READING 2 scrolls of identify.
   621 | D:1      | 621 ||| IDENTIFYING clear potion
   622 | D:1      | 622 ||| DROPPING scroll of butterflies.
   623 | D:1      | 623 ||| DROPPING potion of invisibility.
   823 | D:2      | Reached XP level 3. HP: 20/20 MP: 5/5
   902 | D:2      | Found a faded altar of an unknown god.
  1137 | D:2      | Reached skill level 7 in Ranged Weapons
  1375 | D:3      | Noticed Ijyb
  1398 | D:3      | HP: 1/20 [Ijyb/+0 dagger (6)]
  1399 | D:3      | 1399 ||| DRINKING potion of heal wounds.
  1402 | D:3      | Killed Ijyb
  1403 | D:3      | Reached XP level 4. HP: 11/25 MP: 6/6
  1683 | D:3      | Found Jucid's Assorted Antiques.
  1692 | D:3      | 1692 ||| BUYING 2 scrolls of identify (104 gold).
  1692 | D:3      | Bought 2 scrolls of identify for 104 gold pieces
  1692 | D:3      | 1692 ||| SHOPLISTING 3 scrolls labelled UWUN GADIERAO (78
                  | gold, have 43).
  1692 | D:3      | 1692 ||| BUYING purple potion (23 gold).
  1692 | D:3      | Bought a purple potion for 23 gold pieces
  1692 | D:3      | 1692 ||| SHOPLISTING purple potion (23 gold, have 20).
  1692 | D:3      | 1692 ||| SHOPLISTING scroll of identify (52 gold, have 20).
  1692 | D:3      | 1692 ||| SHOPLISTING smelly leather armour (182 gold, have
                  | 20).
  1733 | D:3      | Reached skill level 8 in Ranged Weapons
  1746 | D:3      | Noticed a scorpion
  1761 | D:3      | HP: 5/25 [scorpion (2)]
  1762 | D:3      | HP: 1/25 [poisoned by a scorpion]
  1763 | D:3      | Killed a scorpion
  1763 | D:3      | Succumbed to a scorpion's poison

Levels and vault maps discovered:
D:1:      dpeg_arrival_arbitrary_b, layout_basic
D:2:      layout_basic, shapermc_ecumenical_altar_starsandcircs,
          minmay_close_crescents
D:3:      layout_basic, fedhas_altar_4, serial_shops, nicolae_shop_peninsula,
          uniq_ijyb, uniq_robin

Skill      XL: |  1  2  3  4 |
---------------+-------------+-----
Ranged Weapons | 6 7 8 |  8.0
Fighting       | |  1.5
Dodging        | |  2.4
Stealth        | |  1.2

Action                     |  1- 3 |  4- 6 || total
---------------------------+-------+-------++-------
   Fire: Shortbow          |   116 |    32 ||   148
    Use: Scroll            |     3 |       ||     3
         Potion            |     2 |       ||     2
 Armour: Leather armour    |     2 |       ||     2
         Ring mail         |    17 |     6 ||    23
  Dodge: Dodged            |    35 |    10 ||    45

Table legend:
 A = Non-vault XP
 B = Vault XP
 C = Vault XP percentage of total XP
 D = Non-vault monster count
 E = Vault monster count
 F = Vault count percentage of total count
                 A         B        C        D         E       F
            +---------+---------+-------+---------+---------+-------
      Total |     198 |      44 |  18.2 |      39 |       6 |  13.3
            +---------+---------+-------+---------+---------+-------
        D:1 |      35 |       0 |   0.0 |      23 |       0 |   0.0
        D:2 |      27 |       9 |  25.0 |       9 |       5 |  35.7
        D:3 |     136 |      35 |  20.5 |       7 |       1 |  12.5
            +---------+---------+-------+---------+---------+-------
